Map: Rooftop Terrace

Players

Maelthor

  • Race: Terran Terran
  • Spawn Location: 6:00

Erfeyah

  • Race: Protoss Protoss
  • Spawn Location: 7:00

Iluvatar

  • Race: Terran Terran
  • Spawn Location: 5:00

athabstract

  • Race: Protoss Protoss
  • Spawn Location: 6:00

Irieitie

  • Race: Protoss Protoss
  • Spawn Location: 12:00

Damalle

  • Race: Protoss Protoss
  • Spawn Location: 1:00

Derli

  • Race: Protoss Protoss
  • Spawn Location: 12:00

oleg

  • Race: Zerg Zerg
  • Spawn Location: 11:00

VOD

Have the link to the VOD?

Description

Time

  • Played on: Nov. 16, 2017, 2:52 p.m.
  • Length: 15:46
Show
View Real Time Build Order
Export as new Build Order

Maelthor Terran 

Build Orders: MMM Bio 

Get SALT Encoding   

  12  0:01  SCV  
  13  0:13  SCV  
  14  0:19  Supply Depot  
  14  0:25  SCV  
  15  0:33  Refinery  
  15  0:40  SCV  
  16  0:46  Barracks  
  16  0:53  SCV  
  17  1:04  Refinery  
  17  1:05  SCV  
  18  1:19  SCV  
  18  1:22  Supply Depot  
  19  1:39  Barracks Reactor  
  19  1:41  Barracks  
  19  1:43  Orbital Command  
  19  1:53  Supply Depot  
  19  2:09  SCV  
  19  2:12  Factory  
  20  2:16  Marine  
  20  2:21  SCV  
  22  2:33  SCV  
  22  2:35  Barracks Tech Lab  
  22  2:36  Marine  
  24  2:45  SCV  
  25  2:57  Command Center  
  25  2:58  SCV  
  26  3:00  Factory Reactor  
  26  3:01  Factory Tech Lab  
  26  3:05  Marine  
  26  3:07  Marine  
  26  3:10  SCV, Marine  
  30  3:21  Siege Tank  
  30  3:22  SCV  
  34  3:28  Marine x3  
  37  3:36  Starport  
  37  3:38  SCV  
  38  3:47  Supply Depot  
  38  3:56  Marine  
  39  4:08  SCV, Marine x2  
  42  4:10  Supply Depot, Siege Tank  
  42  4:15  Orbital Command  
  45  4:17  Marine  
  45  4:24  SCV  
  47  4:28  Marine  
  47  4:29  Marauder  
  50  4:34  Medivac  
  50  4:36  SCV  
  53  4:39  Stimpack  
  50  4:56  Marine  
  50  4:57  Marine x2  
  51  5:14  Marine x2  
  51  5:15  Engineering Bay, Marauder  
  50  5:31  Medivac  
  50  5:32  Marine x2  
  50  5:34  Barracks  
  50  5:35  Barracks  
  47  5:48  SCV  
  47  5:49  SCV  
  46  5:51  Armory, Missile Turret  
  46  6:00  SCV  
  46  6:01  SCV  
  46  6:02  Marine x3  
  51  6:05  Medivac  
  51  6:10  Missile Turret  
  53  6:13  SCV  
  54  6:20  SCV  
  55  6:27  Barracks Reactor  
  55  6:30  SCV  
  55  6:32  SCV  
  57  6:39  Refinery  
  57  6:42  SCV  
  58  6:52  Barracks Reactor  
  58  6:53  Marine  
  58  6:54  Marine x2  
  60  6:58  Terran Infantry Weapons Level 1  
  61  7:08  Missile Turret  
  61  7:09  Refinery  
  61  7:15  SCV x2  
  61  7:18  Medivac  
  61  7:21  Barracks  
  65  7:27  SCV  
  65  7:28  SCV  
  67  7:38  Marine x3  
  70  7:48  Supply Depot  
  70  7:49  Supply Depot  
  70  8:03  Supply Depot  
  70  8:09  Thor  
  70  8:10  SCV x2, Marine x7  
  70  8:11  Command Center, Terran Vehicle Weapons Level 1  
  70  8:12  Combat Shields, Missile Turret  
  85  8:13  Missile Turret  
  85  8:20  Medivac  
  85  8:22  SCV x2  
  85  8:23  Barracks Reactor  
  86  8:27  Marine x2  
  86  8:28  Marine  
  88  8:35  SCV  
  88  8:40  Marine  
  88  8:41  Marine x2, Marauder  
  81  8:55  Siege Tank  
  81  9:06  Marine  
  81  9:07  Marine x5, Marauder  
  78  9:14  Medivac  
  78  9:24  Marine x2  
  75  9:32  Marine x2, Marauder  
  75  9:36  Marine x2  
  77  9:42  Marine x2  
  69  9:47  Barracks  
  69  9:50  Marine, Siege Tank  
  63  10:02  Marine x4  
  63  10:06  Marine x2  
  68  10:07  Marine  
  68  10:08  SCV x2  
  68  10:09  Medivac  
  73  10:29  Marine x5  
  73  10:30  Supply Depot  
  73  10:31  Supply Depot  
  73  10:32  Supply Depot  
  73  10:34  Terran Infantry Weapons Level 2  
  78  10:39  Siege Tank  
  81  10:44  Marine  
  81  10:45  Marauder  
  81  10:46  Marine  
  81  10:47  Marine, Barracks  
  81  10:49  Barracks Tech Lab  
  86  10:52  Marine  
  87  11:13  Marine x4, Marauder  
  87  11:15  Medivac, Marine x2  
  87  11:16  Marine, Command Center  
  98  11:20  Engineering Bay  
  98  11:30  Marine, Siege Tank  
  98  11:31  Missile Turret  
  102  11:33  Marine x5  
  102  11:34  Marine x2  
  109  11:48  Marine  
  109  11:52  Marine  
  109  11:53  Marine  
  110  11:54  Marine x2  
  110  11:55  Marine  
  94  12:02  Thor  
  94  12:05  Marine x2  
  94  12:06  Marine  
  103  12:10  Marine  
  103  12:11  Marine  
  105  12:16  Marine x3  
  108  12:46  Marine x4, Marauder  
  108  12:47  Marine x2  
  116  12:53  Marauder  
  118  13:04  Marine x4  
  120  13:17  Barracks Reactor  
  120  13:21  Command Center  
  120  13:42  Supply Depot  
  120  13:43  Marine x6, Supply Depot  
  120  13:44  Supply Depot  
  126  14:04  Marine x5, Marauder  
  126  14:05  Siege Tank  
  136  14:13  Engineering Bay  
  136  14:22  Marauder  
  138  14:26  Marauder  
  134  14:34  Marine x7  
  134  14:35  Marine  
  123  14:43  Marauder  
  125  14:46  Marine  
  125  14:52  Marine x2  
  128  14:53  Starport Reactor  
  128  15:05  Marauder  
  133  15:39  Missile Turret  
  133  15:40  Missile Turret  
  133  15:46  Missile Turret  
Show
View Real Time Build Order
Export as new Build Order

Erfeyah Protoss 

Build Orders:  

Get SALT Encoding   

  12  0:05  Probe  
  13  0:17  Probe  
  14  0:25  Pylon  
  14  0:29  Probe  
  15  0:43  Probe  
  15  0:48  Gateway  
  16  1:09  Probe  
  17  1:26  Gateway  
  17  1:29  Gateway  
  17  1:42  Assimilator  
  17  1:43  Assimilator  
  17  1:57  Pylon  
  17  1:59  Pylon  
  17  2:00  Pylon  
  17  2:44  Cybernetics Core  
  17  2:55  Zealot x3  
  23  3:15  Probe  
  24  3:22  Zealot x3  
  30  3:27  Probe  
  31  3:46  Pylon  
  31  3:49  Stalker, Zealot x2  
  37  3:56  Pylon  
  37  4:16  Stalker x2  
  29  5:53  Stalker x2  
  29  5:55  Zealot  
  35  6:22  Zealot  
  35  6:23  Zealot x2  
  41  6:36  Probe  
  42  6:40  Nexus  
  42  6:48  Probe  
  42  6:49  Zealot  
  42  6:50  Zealot x2  
  49  7:16  Zealot  
  49  7:17  Zealot x2  
  55  7:43  Zealot  
  57  7:44  Zealot  
  57  7:45  Zealot  
  61  7:53  Pylon  
  61  7:55  Pylon  
  61  7:58  Pylon  
  61  8:00  Probe  
  62  8:10  Zealot  
  62  8:11  Stalker, Zealot  
  68  8:13  Probe  
  69  8:25  Probe  
  68  8:36  Gateway  
  68  8:37  Probe  
  68  8:38  Gateway  
  55  8:41  Gateway  
  36  8:49  Probe  
  11  9:43  Probe  
  12  9:48  Zealot  
  14  9:55  Probe  
  15  10:07  Probe  
  16  10:15  Zealot  
  16  10:19  Probe  
  19  10:31  Probe  
  20  10:36  Assimilator  
  20  10:38  Assimilator  
  20  10:40  Zealot x2  
  20  10:42  Zealot  
  26  11:09  Zealot  
  28  11:31  Probe  
  29  11:36  Zealot  
  29  11:39  Zealot  
  33  11:44  Probe  
  34  11:56  Probe  
  35  12:03  Zealot  
  35  12:06  Zealot  
  35  12:08  Probe  
  40  12:20  Probe  
  41  12:30  Zealot  
  43  13:24  Pylon  
  43  13:26  Pylon  
Show
View Real Time Build Order
Export as new Build Order

Iluvatar Terran 

Build Orders:  

Get SALT Encoding   

  12  0:01  SCV  
  13  0:14  SCV  
  14  0:19  Supply Depot  
  14  0:32  SCV  
  15  0:45  SCV  
  16  1:00  Barracks  
  16  1:08  Barracks  
  16  1:10  SCV  
  17  1:22  SCV  
  17  1:23  Refinery  
  18  1:27  Refinery  
  18  1:39  SCV  
  19  1:40  Command Center  
  19  1:54  SCV  
  20  2:01  Marine  
  20  2:04  Supply Depot  
  20  2:07  SCV  
  22  2:21  Marine  
  23  2:24  Factory  
  23  2:26  SCV  
  24  2:36  Supply Depot  
  24  2:48  Marine  
  25  2:59  SCV  
  25  3:01  Barracks  
  26  3:11  Supply Depot  
  26  3:14  Marine  
  27  3:20  Starport  
  27  3:28  SCV x2  
  29  3:42  Engineering Bay, Marine  
  30  3:49  Barracks Tech Lab  
  30  3:51  SCV  
  30  3:53  SCV  
  32  4:07  SCV  
  33  4:14  Orbital Command  
  33  4:19  SCV, Marine  
  33  4:24  Terran Infantry Weapons Level 1  
  35  4:25  Marine  
  35  4:28  Medivac  
  38  4:33  Hellion  
  40  4:44  SCV x2  
  42  4:50  Marine  
  42  4:51  Marine  
  44  5:11  Hellion  
  44  5:12  Medivac  
  48  5:22  SCV x2, Marine  
  51  6:07  Marine  
  51  6:10  Marauder  
  54  6:11  Stimpack  
  54  6:14  SCV  
  54  6:15  SCV  
  49  6:26  Barracks x2  
  49  6:27  Barracks  
  49  6:29  Barracks  
  49  6:32  Supply Depot, Barracks  
  46  6:33  Supply Depot  
  46  6:35  SCV x2, Supply Depot x2  
  48  6:40  Starport Reactor  
  45  6:47  SCV  
  46  7:09  Missile Turret  
  46  7:10  Missile Turret  
  46  7:11  Missile Turret  
  46  7:17  SCV  
  47  7:29  SCV, Missile Turret  
  48  7:30  SCV  
  48  7:32  Marine  
  48  7:33  Missile Turret  
  50  7:41  SCV, Medivac x2  
  55  7:53  Marine x3  
  55  7:54  Marine  
  52  8:10  Marine x3  
  46  8:21  Marine x2  
  46  8:25  Marine x2  
  43  8:28  Marine x3  
  46  8:39  Marine x2  
  46  8:43  Marine x2  
  46  8:46  Marine x3  
  51  8:58  Marine  
  51  8:59  Marine  
  51  9:01  Marine x2  
  55  9:03  SCV x2  
  55  9:04  Marine x3  
  60  9:15  SCV x2  
  60  9:16  Marine  
  63  9:17  Viking x2  
  67  9:25  Marine x2  
  67  9:26  Marine x2  
  67  9:27  SCV  
  67  9:28  SCV, Marine  
  67  9:31  Marine  
  75  9:40  SCV x2  
  75  9:41  Marine  
  75  9:43  Marine x2  
  80  9:47  Viking x2  
  80  9:51  Marine x3  
  80  9:52  SCV x2  
  89  10:04  SCV  
  90  10:07  Command Center  
  90  10:10  Refinery  
  90  10:15  Refinery  
  87  10:27  Marine x3  
  87  10:38  Medivac x2  
  91  10:54  Marine x3  
  91  10:55  Marine x2  
  94  11:02  Marine x2  
  94  11:18  Marine  
  94  11:19  SCV, Medivac x2  
  94  11:21  Supply Depot  
  94  11:23  Supply Depot  
  100  11:27  Marine  
  100  11:28  Marine x2  
  103  11:33  Missile Turret  
  103  11:39  Missile Turret  
  103  11:49  Medivac x2  
  97  12:12  Marine x2  
  97  12:13  Marine x5  
  104  12:18  Medivac x2  
  108  12:30  Marine x2  
  108  12:31  Marine  
  108  12:32  SCV  
  108  12:33  SCV x2  
  114  12:39  Marine x2  
  116  12:44  SCV  
  117  12:51  SCV  
  113  13:03  SCV, Barracks Reactor  
  113  13:04  Barracks Reactor  
  113  13:05  Barracks Reactor x4  
  114  13:08  Marauder  
  101  14:00  Marine  
  101  14:01  Marine x4  
  106  14:17  Marine  
  106  14:18  Marine x2  
  106  14:19  Marine  
  110  14:34  Barracks  
  110  14:39  Barracks  
  110  14:40  Barracks  
  110  14:42  Barracks  
  79  14:49  Marine  
  79  14:50  Marine x4  
  31  15:02  Marine  
  22  15:07  Marine x2  
Show
View Real Time Build Order
Export as new Build Order

athabstract Protoss 

Build Orders:  

Get SALT Encoding   

  12  0:01  Probe  
  13  0:13  Probe  
  14  0:25  Probe  
  15  0:30  Pylon  
  15  0:48  Probe  
  16  1:11  Gateway  
  16  1:16  Assimilator  
  16  1:19  Probe  
  17  1:29  Assimilator  
  17  1:36  Pylon  
  18  1:47  Probe  
  18  2:08  Cybernetics Core, Zealot  
  20  2:17  Probe  
  21  2:34  Gateway  
  21  2:45  Warp Gate (Chrono Boost)  
  21  2:46  Probe  
  22  2:51  Stalker  
  22  2:58  Probe  
  25  3:11  Probe  
  25  3:12  Stargate  
  26  3:21  Pylon, Stalker  
  26  3:22  Stalker  
  30  3:37  Probe  
  30  3:41  Robotics Facility  
  31  4:10  Nexus  
  31  4:11  Probe  
  31  4:12  Assimilator  
  31  4:14  Assimilator  
  31  4:16  Pylon  
  32  4:21  Stalker x2  
  32  4:23  Probe  
  37  4:34  Oracle  
  37  4:37  Pylon  
  40  4:44  Observer  
  41  4:49  Probe  
  42  5:10  Stalker x2  
  46  5:15  Oracle  
  49  5:26  Probe  
  50  5:29  Probe  
  51  5:38  Probe  
  51  5:41  Probe  
  53  5:50  Probe  
  53  5:53  Probe  
  55  6:02  Probe  
  56  6:09  Gateway  
  56  6:10  Gateway  
  56  6:34  Stalker  
  56  6:35  Stalker  
  60  6:46  Probe  
  61  6:58  Probe  
  57  7:10  Probe  
  49  7:53  Stalker  
  49  7:54  Stalker  
  53  8:20  Stalker  
  53  8:21  Stalker  
  51  8:50  Stalker x2  
  51  8:51  Stalker x2  
  59  9:06  Probe  
  60  9:18  Probe  
  61  9:56  Stalker x3  
  61  9:57  Stalker  
  69  10:06  Pylon  
  69  10:09  Pylon  
  69  10:12  Pylon  
  69  10:30  Forge  
  69  10:32  Probe  
  70  10:44  Probe  
  71  10:56  Probe  
  72  10:58  Nexus  
  72  11:01  Assimilator  
  72  11:03  Assimilator  
  72  11:07  Pylon  
  72  11:09  Stalker x4  
  72  11:10  Pylon  
  80  11:13  Pylon  
  80  11:20  Gateway  
  80  11:22  Gateway  
  80  11:24  Gateway  
  58  11:26  Gateway  
  58  11:30  Gateway  
  40  12:35  Probe  
  41  12:45  Stalker x2  
  41  12:46  Stalker x3  
  41  12:47  Probe, Stalker x3  
  41  12:48  Stalker  
  60  12:59  Probe  
  61  13:09  Protoss Ground Weapons Level 1  
  61  13:11  Probe  
  62  13:13  Stalker x5  
  62  13:14  Stalker x4  
  80  13:23  Probe  
  81  13:35  Probe  
  82  13:44  Pylon  
  82  13:46  Pylon  
  82  13:49  Pylon  
  82  13:53  Stalker  
  82  13:54  Nexus, Stalker  
  86  13:55  Stalker  
  86  13:57  Stalker x2  
  86  13:58  Stalker x2, Assimilator  
  86  13:59  Stalker x2  
  86  14:00  Assimilator  
  100  14:09  Probe  
  101  14:22  Probe  
  102  14:27  Stalker x5  
  112  14:34  Probe  
  113  14:46  Probe  
  114  14:58  Probe  
  114  14:59  Stalker  
  117  15:00  Stalker x5  
  127  15:10  Probe  
Show
View Real Time Build Order
Export as new Build Order

Irieitie Protoss 

Build Orders: Nexus First 

Get SALT Encoding   

  12  0:01  Probe  
  13  0:13  Probe  
  14  0:25  Probe  
  15  0:29  Pylon  
  15  0:47  Probe  
  16  1:00  Nexus  
  16  1:16  Gateway  
  17  1:18  Probe (Chrono Boost)  
  17  1:24  Assimilator  
  18  1:29  Probe (Chrono Boost)  
  18  1:32  Probe  
  19  1:36  Assimilator  
  19  1:50  Probe  
  20  1:59  Pylon  
  20  2:03  Probe (Chrono Boost)  
  20  2:05  Cybernetics Core  
  21  2:12  Probe (Chrono Boost)  
  23  2:16  Probe (Chrono Boost)  
  25  2:23  Probe x2 (Chrono Boost)  
  25  2:26  Probe  
  25  2:28  Probe  
  27  2:32  Assimilator  
  27  2:38  Probe  
  28  2:44  Probe  
  28  2:49  Assimilator  
  28  2:50  Probe  
  30  2:56  Probe  
  31  3:02  Probe  
  32  3:12  Probe  
  33  3:15  Probe  
  34  3:28  Probe x2  
  34  3:29  Stargate  
  34  3:31  Stargate  
  34  3:32  Stargate  
  36  3:40  Probe x2  
  38  4:02  Probe x2  
  44  4:22  Pylon  
  44  4:25  Pylon  
  40  4:32  Phoenix x3 (Chrono Boost)  
  46  4:40  Pylon, Nexus  
  46  4:43  Pylon  
  46  4:47  Phoenix x3  
  52  5:12  Phoenix x3  
  54  5:37  Phoenix x2 (Chrono Boost)  
  54  5:38  Phoenix (Chrono Boost)  
  60  5:56  Probe x2  
  62  6:02  Phoenix x3 (Chrono Boost)  
  68  6:17  Phoenix x2  
  72  6:47  Void Ray x3  
  84  7:29  Void Ray  
  84  7:32  Void Ray  
  92  7:42  Pylon  
  92  7:44  Pylon  
  92  7:47  Pylon  
  92  7:59  Void Ray  
  88  8:44  Void Ray x3 (Chrono Boost)  
  100  8:49  Protoss Air Weapons Level 1 (Chrono Boost)  
  100  9:07  Stargate  
  100  9:08  Stargate  
  100  9:11  Stargate  
  100  9:28  Probe x2, Assimilator  
  100  9:29  Probe  
  103  9:33  Assimilator  
  103  9:37  Void Ray  
  103  9:38  Void Ray x2  
  115  10:03  Pylon  
  115  10:05  Pylon  
  115  10:07  Pylon  
  115  10:10  Pylon  
  115  10:12  Pylon  
  109  10:37  Void Ray x2 (Chrono Boost)  
  109  10:38  Void Ray (Chrono Boost)  
  109  10:39  Void Ray (Chrono Boost)  
  123  10:59  Void Ray x2 (Chrono Boost)  
  131  11:11  Void Ray x2 (Chrono Boost)  
  135  11:50  Void Ray x3  
  147  12:05  Void Ray x2  
  155  12:19  Pylon  
  155  12:21  Pylon  
  155  12:23  Pylon  
  155  12:24  Pylon  
  155  12:33  Protoss Air Armor Level 1 (Chrono Boost)  
  155  12:36  Void Ray  
  159  12:38  Fleet Beacon  
  159  13:08  Void Ray x4  
  159  13:09  Void Ray  
  177  13:43  Void Ray  
  181  13:51  Void Ray x2  
  189  14:32  Pylon  
  189  14:34  Pylon  
  189  14:36  Pylon  
  189  14:45  Void Ray  
Show
View Real Time Build Order
Export as new Build Order

Damalle Protoss 

Build Orders: Cannon Rush 

Get SALT Encoding   

  12  0:04  Probe  
  13  0:16  Probe  
  15  0:28  Probe  
  15  0:34  Pylon  
  15  0:52  Probe  
  15  0:55  Forge  
  16  1:00  Pylon  
  16  1:20  Gateway  
  16  1:28  Pylon  
  16  1:33  Photon Cannon  
  16  1:35  Photon Cannon  
  16  1:48  Photon Cannon  
  16  1:55  Probe  
  16  1:56  Assimilator  
  16  2:00  Assimilator  
  17  2:07  Probe  
  18  2:20  Probe (Chrono Boost)  
  19  2:32  Probe (Chrono Boost)  
  21  2:38  Probe (Chrono Boost)  
  21  2:46  Probe  
  21  2:51  Cybernetics Core  
  22  2:56  Pylon  
  22  3:00  Probe  
  23  3:12  Probe  
  24  3:19  Pylon  
  24  3:24  Nexus  
  24  3:51  Photon Cannon  
  24  3:57  Pylon  
  24  4:00  Probe  
  25  4:13  Probe  
  26  4:22  Photon Cannon  
  26  4:25  Probe  
  27  4:35  Pylon  
  27  4:37  Probe (Chrono Boost), Pylon  
  29  4:38  Probe (Chrono Boost)  
  29  4:39  Pylon  
  31  4:49  Probe x2 (Chrono Boost)  
  31  4:51  Probe x2  
  33  5:16  Stargate  
  33  5:18  Stargate  
  33  5:21  Stargate  
  33  5:23  Stargate  
  33  6:11  Void Ray  
  33  6:12  Void Ray x2  
  33  6:13  Void Ray  
  49  6:18  Probe  
  49  6:19  Probe  
  49  6:24  Assimilator  
  51  6:26  Assimilator  
  51  6:30  Probe  
  51  6:31  Probe  
  53  6:43  Probe x2  
  55  6:54  Void Ray  
  59  7:05  Cybernetics Core  
  59  7:18  Void Ray  
  59  7:19  Void Ray  
  59  7:20  Nexus  
  67  7:23  Pylon  
  67  7:24  Pylon  
  67  7:39  Void Ray  
  67  7:40  Void Ray  
  75  7:46  Probe x2  
  77  7:58  Probe x2  
  79  8:01  Void Ray  
  83  8:07  Protoss Air Weapons Level 1 (Chrono Boost)  
  83  8:10  Probe x2  
  85  8:18  Protoss Air Armor Level 1 (Chrono Boost)  
  85  8:27  Assimilator  
  85  8:32  Assimilator  
  85  8:35  Void Ray  
  89  8:46  Void Ray  
  93  8:56  Void Ray  
  93  8:59  Photon Cannon  
  97  9:04  Photon Cannon  
  97  9:15  Protoss Shields Level 1 (Chrono Boost)  
  97  9:19  Void Ray  
  101  9:39  Robotics Facility  
  101  9:53  Fleet Beacon  
  101  10:02  Void Ray  
  101  10:04  Void Ray  
  101  10:05  Void Ray  
  113  10:16  Void Ray  
  117  10:29  Observer  
  117  10:30  Pylon, Protoss Air Weapons Level 2  
  117  10:32  Pylon  
  117  10:34  Pylon  
  118  10:37  Protoss Air Armor Level 2  
  118  10:50  Observer  
  119  11:03  Void Ray  
  123  11:22  Mothership (Chrono Boost)  
  131  11:31  Void Ray  
  135  11:52  Void Ray x2  
  143  12:17  Void Ray  
  143  12:22  Nexus  
  147  12:25  Assimilator  
  147  12:28  Assimilator  
  147  12:32  Pylon  
  147  12:34  Pylon  
  147  12:36  Pylon  
  147  12:39  Pylon  
  147  12:50  Void Ray x2  
  155  12:55  Void Ray  
  159  13:00  Void Ray  
  163  13:08  Protoss Air Weapons Level 3 (Chrono Boost)  
  163  13:36  Void Ray  
  167  13:54  Pylon  
  167  14:07  Void Ray x2  
  175  14:38  Void Ray  
  175  14:39  Void Ray  
  183  14:50  Void Ray  
  187  14:54  Void Ray  
Show
View Real Time Build Order
Export as new Build Order

Derli Protoss 

Build Orders:  

Get SALT Encoding   

  12  0:01  Probe (Chrono Boost)  
  13  0:14  Pylon  
  13  0:18  Probe  
  14  0:32  Gateway  
  14  0:37  Probe  
  15  0:45  Assimilator  
  15  0:49  Probe  
  16  0:56  Pylon  
  16  1:02  Probe (Chrono Boost)  
  18  1:14  Probe (Chrono Boost)  
  18  1:18  Gateway  
  18  1:23  Pylon  
  18  1:33  Probe  
  19  1:40  Gateway  
  19  1:45  Probe  
  20  1:52  Pylon  
  20  2:04  Cybernetics Core  
  20  2:09  Gateway  
  20  2:15  Pylon  
  20  2:27  Zealot x2  
  24  2:39  Probe  
  25  2:48  Warp Gate (Chrono Boost)  
  25  3:21  Forge  
  25  3:28  Pylon  
  25  3:37  Pylon  
  25  3:42  Pylon  
  25  3:44  Gateway  
  25  3:46  Stalker  
  25  3:47  Stalker  
  31  3:48  Sentry  
  31  3:49  Stalker  
  33  4:01  Assimilator  
  33  4:21  Nexus  
  33  4:34  Photon Cannon  
  33  4:38  Shield Battery  
  33  4:49  Probe  
  30  4:56  Stalker  
  25  5:39  Probe (Chrono Boost)  
  26  5:45  Stalker x2  
  27  5:51  Probe (Chrono Boost), Pylon  
  27  5:53  Pylon  
  27  5:54  Probe  
  28  6:01  Gateway  
  28  6:03  Gateway  
  28  6:06  Probe  
  29  6:17  Robotics Facility  
  29  6:18  Probe  
  30  6:24  Assimilator  
  30  6:26  Robotics Facility  
  30  6:30  Probe  
  31  6:42  Probe  
  32  6:50  Stalker  
  34  6:54  Probe  
  35  7:02  Photon Cannon  
  35  7:04  Pylon  
  35  7:18  Sentry, Pylon, Stalker  
  35  7:21  Pylon  
  39  7:23  Probe (Chrono Boost)  
  39  7:25  Pylon  
  40  7:35  Probe (Chrono Boost), Stalker  
  43  7:37  Probe  
  44  7:47  Twilight Council  
  44  7:49  Probe  
  45  7:56  Assimilator  
  45  8:01  Probe  
  46  8:07  Stalker x2  
  46  8:08  Stalker x2  
  54  8:22  Probe (Chrono Boost)  
  55  8:33  Probe (Chrono Boost)  
  56  8:36  Robotics Bay  
  56  8:37  Pylon  
  56  8:40  Stalker  
  58  8:59  Stalker x3  
  58  9:00  Stalker  
  44  10:04  Stalker  
  44  10:05  Stalker x3  
  44  10:06  Stalker x2  
  56  10:08  Colossus x2  
  68  10:14  Blink  
  68  10:32  Extended Thermal Lance  
  68  10:51  Nexus  
  68  11:08  Colossus (Chrono Boost)  
  74  11:15  Pylon  
  74  11:19  Pylon  
  74  11:26  Disruptor  
  77  11:32  Pylon  
  77  11:33  Stalker  
  77  11:35  Sentry  
  77  11:36  Pylon  
  77  11:38  Assimilator  
  81  11:51  Disruptor  
  48  12:15  Stalker x3  
  52  12:16  Stalker x2  
  52  12:17  Stalker  
  60  12:26  Probe (Chrono Boost)  
  61  12:33  Protoss Ground Weapons Level 1 (Chrono Boost)  
  62  12:38  Probe (Chrono Boost)  
  62  12:40  Probe (Chrono Boost)  
  63  12:52  Probe (Chrono Boost)  
  63  12:54  Stalker x2  
  63  12:56  Stalker  
  62  13:01  Probe (Chrono Boost)  
  62  13:06  Probe  
  62  13:11  Stalker x2  
  67  13:13  Sentry, Assimilator  
  67  13:18  Stalker  
  67  13:19  Probe (Chrono Boost)  
  72  13:23  Stalker  
  74  13:31  Probe (Chrono Boost)  
  75  13:38  Probe (Chrono Boost)  
  76  13:47  Probe  
  77  13:59  Probe  
  78  14:05  Stalker x3  
  78  14:06  Stalker x2  
  88  14:11  Probe  
  89  14:23  Probe  
  90  14:35  Probe  
  90  14:36  Stalker  
  90  14:37  Stalker x3  
  99  14:38  Stalker  
  99  14:40  Colossus (Chrono Boost)  
Show
View Real Time Build Order
Export as new Build Order

oleg Zerg 

Build Orders: Hatch First 

Get SALT Encoding   

  12  0:04  Drone  
  13  0:09  Drone  
  14  0:37  Hatchery  
  14  0:42  Overlord  
  13  0:47  Drone  
  14  1:06  Spawning Pool  
  14  1:08  Drone  
  14  1:12  Drone  
  14  1:16  Drone  
  16  1:20  Extractor  
  16  1:23  Extractor  
  14  1:25  Drone  
  14  1:32  Drone  
  16  1:41  Overlord  
  16  1:52  Drone  
  17  1:54  Queen  
  17  1:59  Drone  
  20  2:03  Drone  
  21  2:10  Drone  
  21  2:13  Drone  
  23  2:24  Queen  
  23  2:27  Drone  
  26  2:31  Drone  
  27  2:37  Drone  
  27  2:38  Drone  
  27  2:42  Drone  
  30  2:47  Drone, Extractor  
  30  2:50  Drone  
  31  2:55  Drone  
  32  3:04  Drone  
  33  3:05  Overlord  
  33  3:12  Drone x3  
  36  3:18  Overlord  
  36  3:27  Lair  
  36  3:30  Drone  
  36  3:31  Drone  
  36  3:33  Drone  
  39  3:34  Drone  
  39  3:39  Drone x2  
  42  3:41  Drone  
  42  3:46  Extractor  
  42  3:48  Overlord  
  42  3:54  Overlord  
  42  4:02  Drone x2  
  44  4:09  Drone  
  45  4:10  Overlord  
  45  4:16  Drone  
  46  4:18  Overlord  
  46  4:21  Overlord x2  
  46  4:32  Hydralisk Den  
  46  4:36  Overlord x3  
  46  4:37  Evolution Chamber  
  46  4:38  Evolution Chamber  
  43  4:43  Drone x2  
  45  4:47  Pneumatized Carapace  
  45  4:54  Overseer  
  45  5:04  Hydralisk x6  
  57  5:08  Hydralisk  
  57  5:11  Hydralisk  
  61  5:16  Hydralisk  
  63  5:22  Hydralisk  
  63  5:26  Hydralisk x2  
  69  5:30  Hydralisk  
  71  5:57  Overlord x2  
  71  5:58  Overlord  
  71  6:03  Hydralisk x2  
  71  6:04  Hydralisk  
  73  6:09  Hydralisk  
  79  6:18  Nydus Network  
  79  6:24  Drone  
  79  6:25  Drone, Hatchery  
  80  6:27  Muscular Augments  
  80  6:28  Zerg Missile Weapons Level 1  
  80  6:30  Zerg Ground Armor Level 1  
  79  6:47  Extractor  
  78  6:55  Hydralisk x4  
  78  6:59  Extractor  
  85  7:11  Hydralisk x3  
  85  7:12  Hydralisk x3  
  97  7:21  Drone  
  97  7:22  Drone x2  
  100  7:39  Nydus Canal  
  100  7:43  Hydralisk x3  
  100  7:44  Hydralisk  
  108  8:00  Drone x3  
  108  8:04  Hydralisk x3  
  62  9:49  Hydralisk x10  
  62  9:50  Hydralisk x5  
  88  9:56  Drone x3  
  91  10:02  Hydralisk x6  
  91  10:03  Hydralisk x6  
  111  10:12  Spore Crawler x2  
  109  10:18  Spore Crawler  
  108  10:26  Drone x2  
  110  10:34  Drone  
  111  10:36  Hydralisk x3  
  111  10:39  Hydralisk x2  
  111  10:40  Hydralisk  
  123  10:45  Hydralisk x2  
  123  10:46  Hydralisk  
  129  10:52  Drone x2  
  129  10:56  Zerg Missile Weapons Level 2  
  131  10:57  Zerg Ground Armor Level 2  
  131  11:00  Hydralisk  
  133  11:04  Hydralisk  
  135  11:18  Overseer  
  135  11:28  Hydralisk  
  135  11:29  Hydralisk x4  
  135  11:32  Overlord  
  145  11:34  Overlord x2  
  145  11:35  Overlord x2  
  145  11:48  Hatchery  
  144  11:58  Nydus Canal  
  144  12:21  Hydralisk x6  
  156  12:23  Hydralisk x3  
  156  12:24  Hydralisk x3  
  156  12:27  Hydralisk  
  170  12:35  Overseer  
  150  13:37  Nydus Canal  
  150  13:44  Drone  
  150  13:45  Drone x2  
  135  14:51  Drone x3  
  138  15:02  Hatchery  
  138  15:06  Hydralisk  
  138  15:07  Hydralisk x11  
  139  15:13  Spore Crawler  
  160  15:14  Spore Crawler x2  
  160  15:15  Spore Crawler  
  160  15:16  Drone x2, Spore Crawler x2  
  160  15:17  Spore Crawler  
  160  15:20  Hydralisk x12  
  160  15:21  Hydralisk  
Tags
 
Add a new tag
Caveats
  • Supply blocks, unpowered buildings, or Contaminate may cause inaccurate times.
  • Supply counts are checked every 10 seconds.